 Dungeon Crawl Stone Soup version 0.31.0-11-ge490571c62 (webtiles) character file.

Game seed: 5181785025383743348

777 qw the Shooter (level 7, -7/35 HPs)
             Began as a Spriggan Hunter on Feb 4, 2024.
             Mangled by a two-headed ogre
             ... wielding a +0 giant club
              (28 damage)
             ... on level 9 of the Dungeon.
             The game lasted 00:00:18 (3870 turns).

qw the Shooter (Spriggan Hunter)                    Turns: 3870, Time: 00:00:19

Health: -7/35      AC:  7    Str:  7    XL:     7   Next: 54%
Magic:  8/8        EV: 22    Int: 11    God:
Gold:   182        SH:  0    Dex: 20    Spells: 6/6 levels left

rFire   . . .        j - +0 orcbow
rCold   . . .        (shield currently unavailable)
rNeg    + . .        c - +1 robe
rPois   .            (helmet restricted)
rElec   .            (no cloak)
rCorr   .            (gloves unavailable)
SInv    +            (boots unavailable)
Will    +....        (no amulet)
Stlth   ++           f - ring of positive energy
HPRegen 0.25/turn    d - +4 ring of protection
MPRegen 0.11/turn

%: no passive effects
@: very quick
A: very small, no large weapons, unfitting armour, see invisible, speed 3
a: no special abilities


You were on level 9 of the Dungeon.
You visited 1 branch of the dungeon, and saw 7 of its levels.
You also visited: Sewer.

You collected 182 gold pieces.


Innate Abilities, Weirdness & Mutations

You are very small and have problems with some larger weapons.
You are too small for most types of armour.
You have supernaturally acute eyesight. (SInv)
You cover ground extremely quickly. (Speed+++)


   Skills:
 - Level 2.0 Fighting
 + Level 7.7 Ranged Weapons
 - Level 7.1 Dodging
 - Level 1.5 Stealth


You had 6 spell levels left.
You didn't know any spells.
Your spell library was empty.

Inventory:

Hand Weapons
 j - a +0 orcbow (weapon)
Armour
 a - a +0 cloak
 c - a +1 robe (worn)
Jewellery
 d - a +4 ring of protection (right hand)
 f - a ring of positive energy (left hand)
Wands
 k - a wand of roots (12)
 o - a wand of charming (11)
Potions
 b - 3 potions of enlightenment
 g - a potion of might
 h - a potion of heal wounds
 i - 2 potions of curing

Dungeon Overview and Level Annotations

Branches:
Dungeon (6/15)              Sewer (visited)
 Temple: D:4-7

Altars:
Cheibriados
Dithmenos
Hepliaklqana
Nemelex Xobeh
Wu Jian
Yredelemnul


Message History

A two-headed ogre comes into view. It is wielding two +0 giant clubs.
Waypoint 7 assigned to D:9.
Enter note:
Enter note: You shoot an arrow.
The arrow hits the two-headed ogre!
The two-headed ogre shouts in stereo!
The two-headed ogre is lightly wounded.
You hear a shout! x2
You shoot an arrow.
The arrow barely misses the two-headed ogre.
You shoot an arrow. The arrow hits the two-headed ogre!
The two-headed ogre is moderately wounded.
An orc comes into view. It is wielding a +3 dagger.
You shoot an arrow. The arrow hits the orc.
The orc is almost dead.
An orc comes into view. It is wielding a +0 flail.
You shoot an arrow. The arrow hits the orc!
You kill the orc!
An orc wizard comes into view. It is wielding a +0 dagger.
You shoot an arrow.
The arrow barely misses the two-headed ogre.
The orc wizard casts a spell.
The orc wizard flickers and vanishes for a moment.
You shoot an arrow. The arrow hits the two-headed ogre!
The two-headed ogre is heavily wounded.
You shoot an arrow. The arrow hits the two-headed ogre!
The two-headed ogre is severely wounded.
The two-headed ogre completely misses you.
The two-headed ogre misses you.
You shoot an arrow.
The arrow hits the two-headed ogre but does no damage.
The two-headed ogre is severely wounded.
The two-headed ogre hits you with a +0 giant club!
The two-headed ogre barely misses you.
You shoot an arrow. The arrow hits the two-headed ogre!
The two-headed ogre is almost dead.
The two-headed ogre misses you.
The two-headed ogre hits you with a +0 giant club!!
Ouch! That really hurt!
You die...

.....##..#......##.#....
........'.........'....
........#......##.#....
####....#......##.#....
#..#.#.##...##.#####
#....#.#######.....#
#....#.............#
#.##.#.#######.##..#
#..@.#.### #.##..#
#....O.#...# #.##..#
#.....o##### #.#####
#...$... ### #........
#.##...... #. .......) #
....###..


You could see a two-headed ogre and an orc.

Vanquished Creatures
  An orc warrior (D:6)
  2 kobold brigands (Sewer)
  A howler monkey (D:4)
  A bombardier beetle (D:4)
  2 jellies
  2 hounds
  An orc priest (D:6)
  Ijyb (D:5)
  An iguana (D:5)
  2 orc wizards
  A sleepcap (D:5)
  A gnoll (D:6)
  2 adders
  2 river rats (D:3)
  A white imp (D:5)
  4 dart slugs
  7 ribbon worms
  7 orcs
  7 ball pythons
  5 endoplasms
  3 giant cockroaches
  7 goblins
  8 hobgoblins
  11 jackals
  9 quokkas
  8 bats
  4 frilled lizards
  7 kobolds
  9 rats
117 creatures vanquished.

Notes
Turn   | Place    | Note
-------+----------+-------------------------------------------
     0 | D:1      | qw the Spriggan Hunter began the quest for the Orb.
     0 | D:1      | Reached XP level 1. HP: 10/10 MP: 2/2
     0 | D:1      | 0 ||| qw: Version: 0.3-a-160-g6735b56
     0 | D:1      | 0 ||| qw: Game counter: 5216
     0 | D:1      | 0 ||| qw: Melee chars always use a shield: true
     0 | D:1      | 0 ||| qw: God list: Okawaru
     0 | D:1      | 0 ||| qw: Allow faded altars: false
     0 | D:1      | 0 ||| qw: Do Orc after clearing Dungeon:15 true
     0 | D:1      | 0 ||| qw: Do second Lair branch before Depths: true
     0 | D:1      | 0 ||| qw: Lair rune preference: random
     0 | D:1      | 0 ||| qw: Goals: Normal
     0 | D:1      | 0 ||| PLANNING D:1-11
    68 | D:1      | Reached skill level 3 in Dodging
    90 | D:1      | Reached XP level 2. HP: 14/14 MP: 3/3
   197 | D:1      | 197 ||| UPGRADING to ring of positive energy.
   355 | D:1      | Reached XP level 3. HP: 18/18 MP: 4/4
   544 | D:1      | 544 ||| READING 2 scrolls labelled RESSOIJIDU.
   545 | D:1      | 545 ||| READING 2 scrolls labelled WOUXYTI WEMO.
   545 | D:1      | 545 ||| IDENTIFYING scroll labelled VEMYRA ZISIH
   546 | D:1      | 546 ||| DROPPING scroll of butterflies.
   547 | D:1      | 547 ||| DROPPING scroll of immolation.
   548 | D:1      | 548 ||| DROPPING scroll of torment.
   581 | D:2      | Found a faded altar of an unknown god.
  1054 | D:2      | 1054 ||| READING 2 scrolls of identify.
  1054 | D:2      | 1054 ||| IDENTIFYING coppery potion
  1055 | D:2      | 1055 ||| READING scroll of identify.
  1055 | D:2      | 1055 ||| IDENTIFYING golden potion
  1056 | D:2      | 1056 ||| READING scroll labelled MACZYZ ZANEKU.
  1057 | D:2      | 1057 ||| READING scroll labelled TYL ELLUOTZ.
  1058 | D:2      | 1058 ||| DRINKING 2 red potions.
  1059 | D:2      | 1059 ||| DROPPING potion of attraction.
  1098 | D:3      | 1098 ||| PLANNING SEWER
  1218 | D:3      | Reached XP level 4. HP: 22/22 MP: 5/5
  1815 | D:3      | Reached XP level 5. HP: 26/26 MP: 6/6
  1815 | D:3      | Found a glowing drain.
  1825 | D:3      | 1825 ||| UPGRADING to +4 ring of protection.
  1826 | D:3      | 1826 ||| READING scroll of identify.
  1826 | D:3      | 1826 ||| IDENTIFYING ruby potion
  1827 | D:3      | 1827 ||| DROPPING potion of brilliance.
  1833 | Sewer    | Entered a sewer
  1911 | Sewer    | Reached skill level 6 in Ranged Weapons
  1911 | Sewer    | Reached XP level 6. HP: 16/30 MP: 7/7
  1985 | Sewer    | Found a glowing silver altar of Zin.
  2030 | D:3      | 2030 ||| PLANNING D:1-11
  2147 | D:4      | Found an ornate altar of the Wu Jian Council.
  2223 | D:4      | Reached skill level 6 in Dodging
  2462 | D:4      | Found a shadowy altar of Dithmenos.
  2521 | D:4      | Found a snail-covered altar of Cheibriados.
  2522 | D:4      | 2522 ||| SWAPPING to +0 orcbow.
  2523 | D:4      | 2523 ||| DROPPING +0 shortbow.
  2524 | D:4      | 2524 ||| READING 2 scrolls of identify.
  2524 | D:4      | 2524 ||| IDENTIFYING fizzy sapphire potion
  2763 | D:4      | Found a sparkling altar of Nemelex Xobeh.
  2832 | D:5      | Entered Level 5 of the Dungeon
  2856 | D:5      | Found a basalt altar of Yredelemnul.
  2894 | D:5      | Noticed Ijyb
  2911 | D:5      | Killed Ijyb
  3160 | D:5      | Reached XP level 7. HP: 35/35 MP: 8/8
  3290 | D:5      | Found a hazy altar of Hepliaklqana.
  3563 | D:5      | 3563 ||| READING scroll of identify.
  3563 | D:5      | 3563 ||| IDENTIFYING inky potion
  3564 | D:5      | 3564 ||| READING scroll labelled BAN CAROONIZU.
  3567 | D:5      | 3567 ||| READING scroll labelled ISITI CAESH.
  3567 | D:5      | 3567 ||| ENCHANTING +0 robe.
  3568 | D:5      | 3568 ||| READING scroll labelled TEANIS POIFOTH.
  3569 | D:5      | 3569 ||| DROPPING potion of magic.
  3655 | D:6      | 3655 ||| FLEEEEING.
  3656 | D:6      | 3656 ||| FLEEEEING.
  3657 | D:6      | 3657 ||| FLEEEEING.
  3669 | D:6      | 3669 ||| FLEEEEING.
  3671 | D:6      | 3671 ||| FLEEEEING.
  3672 | D:6      | 3672 ||| FLEEEEING.
  3673 | D:6      | 3673 ||| FLEEEEING.
  3675 | D:6      | 3675 ||| FLEEEEING.
  3676 | D:6      | 3676 ||| FLEEEEING.
  3686 | D:6      | 3686 ||| DRINKING 3 potions of curing.
  3686 | D:6      | 3686 ||| (to cure confusion)
  3815 | D:6      | You fall into a shaft and drop 3 floors!
  3860 | D:9      | Noticed a two-headed ogre
  3870 | D:9      | Mangled by a two-headed ogre

Levels and vault maps discovered:
D:1:      co_arrival_random_square_maze, layout_rooms, serial_glass,
          glass_columns_a, glass_columns_c
D:2:      layout_basic, chequers_ecumenical_altar_simple_redux,
          nicolae_underground_beach
D:3:      layout_loops_ring, gup_sewer_entry_bubbles, serial_bayou_pond_b
D:4:      layout_gridville, nicolae_dithmenos_the_darkroom,
          cheibrodos_worm_habitat, kennysheep_mini, mainiacjoe_overflow_catwalk,
          kennysheep_small_circle
D:5:      layout_basic, nicolae_hepliaklqana_hippocampus,
          yredelemnul_altar_generic, uniq_ijyb
D:6:      layout_basic, minmay_temple_entry_tees, nicolae_houndstooth_variations
D:9:      layout_stronghold, fiery_altar_vehumet, david_orc_3, uniq_maggie,
          uniq_joseph

Skill      XL: |  1  2  3  4  5  6  7 |
---------------+----------------------+-----
Dodging        | 3 4 5 6 7 |  7.1
Ranged Weapons | 5 6 7 |  7.7
Fighting       | 2 |  2.0
Stealth        | |  1.5

Action                     |  1- 3 |  4- 6 |  7- 9 || total
---------------------------+-------+-------+-------++-------
   Fire: Shortbow          |   153 |   164 |       ||   317
         Orcbow            |       |    50 |    56 ||   106
    Use: Scroll            |     6 |     2 |     4 ||    12
         Potion            |     1 |       |     1 ||     2
 Armour: Robe              |    12 |    40 |    11 ||    63
  Dodge: Dodged            |    72 |   124 |    14 ||   210

Table legend:
 A = Non-vault XP
 B = Vault XP
 C = Vault XP percentage of total XP
 D = Non-vault monster count
 E = Vault monster count
 F = Vault count percentage of total count
                 A         B        C        D         E       F
            +---------+---------+-------+---------+---------+-------
      Total |     767 |     344 |  31.0 |      95 |      22 |  18.8
            +---------+---------+-------+---------+---------+-------
        D:1 |      60 |       0 |   0.0 |      34 |       0 |   0.0
        D:2 |      27 |       0 |   0.0 |      16 |       0 |   0.0
        D:3 |      82 |      46 |  35.9 |      16 |       9 |  36.0
        D:4 |     179 |      56 |  23.8 |      13 |       5 |  27.8
        D:5 |     178 |      36 |  16.8 |       8 |       1 |  11.1
        D:6 |     238 |       0 |   0.0 |       7 |       0 |   0.0
        D:9 |       3 |       0 |   0.0 |       1 |       0 |   0.0
      Sewer |       0 |     206 | 100.0 |       0 |       7 | 100.0
            +---------+---------+-------+---------+---------+-------
